 Dungeon Crawl Stone Soup version 0.31-a0-765-g67fe2935dc (webtiles) character file.

Game seed: 11008632652841845446

736 thriggle the Grappler (level 7, 0/51 HPs)
             Began as a Gnoll Wanderer on Sept 15, 2023.
             Was an Initiate of Gozag.
             Killed from afar by an electric eel (6 damage)
             ... with a bolt of electricity
             ... on level 6 of the Dungeon.
             The game lasted 00:14:05 (4663 turns).

thriggle the Grappler (Gnoll Wanderer)              Turns: 4663, Time: 00:14:06

Health: 0/51       AC: 15    Str: 14    XL:     7   Next: 74%
Magic:  13/13      EV: 10    Int:  9    God:    Gozag
Gold:   207        SH:  0    Dex: 13    Spells: 10/14 levels left

rFire   x .          .
                       - Unarmed
rCold   + + .        (no shield)
rNeg    . . .        j - +1 ice dragon scales
rPois   .            (no helmet)
rElec   .            c - +1 cloak
rCorr   .            r - +0 pair of gloves
SInv    .            p - +0 pair of boots
Will    .....        o - amulet of regeneration Stlth
                     (no ring)
HPRegen 1.08/turn    (no ring)
MPRegen 0.13/turn

%: no passive effects
@: no status effects
A: fangs 1, strong nose, distributed training
a: Renounce Religion, Potion Petition, Call Merchant, Bribe Branch


You were on level 6 of the Dungeon.
You worshipped Gozag.
Gozag was aware of your devotion.
You visited 1 branch of the dungeon, and saw 6 of its levels.

You collected 285 gold pieces.
You paid 78 gold pieces to Gozag.

Inventory:

Hand Weapons
 a - a +0 dagger
 g - a +2 dagger of speed
 v - a +2 dagger of draining
 x - a +0 rapier
 F - a +0 trident
 I - a +0 shortbow
Missiles
 A - 80 stones
 E - a throwing net
Armour
 c - a +1 cloak (worn)
 e - a +0 leather armour
 j - +1 ice dragon scales (worn)
 p - a +0 pair of boots (worn)
 r - a +0 pair of gloves (worn)
Magical Staves
 q - a staff of poison
Jewellery
 o - an amulet of regeneration (around neck)
 w - an amulet of magic regeneration
Talismans
 n - a granite talisman
Wands
 t - a wand of quicksilver (5)
 D - a wand of mindburst (3)
Scrolls
 b - a scroll of blinking
 d - 2 scrolls of teleportation
 f - a scroll of butterflies
 m - a scroll of amnesia
 u - a scroll of fear {unknown}
 B - a scroll of poison {unknown}
 G - a scroll of fog
Potions
 h - 2 potions of curing
 i - a potion of enlightenment {unknown}
 k - 5 potions of mutation
 l - 4 potions of heal wounds
 z - 2 potions of degeneration {unknown}
 C - 2 potions of attraction {unknown}
 H - a potion of haste
 J - 2 potions of brilliance {unknown}
 K - a potion of berserk rage {unknown}


   Skills:
 + Level 2.7 Fighting
 + Level 2.7 Short Blades
 + Level 2.7 Long Blades
 + Level 2.7 Axes
 + Level 2.7 Maces & Flails
 + Level 2.7 Polearms
 + Level 2.7 Staves
 + Level 2.7 Ranged Weapons
 + Level 2.7 Throwing
 + Level 2.7 Armour
 + Level 3.8 Dodging
 + Level 2.7 Stealth
 + Level 2.7 Shields
 + Level 10.8 Unarmed Combat
 + Level 4.0 Spellcasting
 + Level 2.2 Conjurations
 + Level 2.2 Hexes
 + Level 2.2 Summonings
 + Level 2.2 Necromancy
 + Level 2.2 Translocations
 + Level 2.2 Transmutations
 + Level 2.2 Fire Magic
 + Level 4.4 Ice Magic
 + Level 2.2 Air Magic
 + Level 2.2 Earth Magic
 + Level 2.2 Poison Magic
 + Level 3.0 Invocations
 + Level 3.8 Evocations
 + Level 2.4 Shapeshifting


You had 10 spell levels left.
You knew the following spells:

 Your Spells              Type           Power      Damage    Failure   Level
a - Freeze                Ice            36%        1d5       24%         1
b - Ozocubu's Armour      Ice            9%         N/A       58%         3

Your spell library contained the following spells:

 Spells                   Type           Power      Damage    Failure   Level
 Hailstorm                Conj/Ice       7%         3d4       75%         3
 Ozocubu's Refrigeration  Ice            4%         4d8       100%        7


Dungeon Overview and Level Annotations

Branches:
Dungeon (6/15)
 Temple: D:4-7

Altars:
Elyvilon
Gozag
Kikubaaqudgha
Trog


Innate Abilities, Weirdness & Mutations

You have very sharp teeth.
Your uncanny sense of smell can sniff out nearby items.
Your experience applies equally to all skills.


Message History

As you read the scroll labelled FIEROAZAYH, it crumbles to dust.
It is a scroll of identify.
m - a scroll of amnesia
As you read the scroll of identify, it crumbles to dust.
s - a scroll of acquirement
As you read the scroll of identify, it crumbles to dust.
k - 5 potions of mutation
As you read the scroll of identify, it crumbles to dust.
l - 4 potions of heal wounds
As you read the scroll of identify, it crumbles to dust.
h - 2 potions of curing Something appears at your feet!
Okay, then.
You start putting on your amulet.
You continue putting on your amulet of regeneration. x5
You finish putting on your amulet of regeneration.
The amulet cannot attune itself to your injured body.
o - an amulet of regeneration (around neck)
There are no items here.
HP restored.
Your amulet attunes itself to your body as you begin to regenerate more quickly.
The electric eel shoots out a bolt of lightning at you!
The bolt of electricity hits the electric eel.
The electric eel completely resists.
The bolt of electricity hits you.
The electric eel shoots out a bolt of lightning at you!
The bolt of electricity hits the plant!
The plant begins to die.
The bolt of electricity hits you!
The electric eel shoots out a bolt of lightning at you!
The bolt of electricity hits you.
The electric eel shoots out a bolt of lightning at you!
The bolt of electricity misses you.
The electric eel shoots out a bolt of lightning at you!
The bolt of electricity hits you! x2
* * * LOW HITPOINT WARNING * * *
The electric eel shoots out a bolt of lightning at you!
The bolt of electricity hits you!
* * * LOW HITPOINT WARNING * * *
The bolt of electricity hits you.
You die...
Your body crumbles into a pile of gold.

#.#...... ###
#.####### #.. #.#
#.#######.#######
#................
#..######.#######
#..######.#
########[........#
.......@....######
######...[..#
##.....# #~P~S~~♣
#♣~SP~~~#
#~~P≈~~♣# ##~P~~♣#
##P♣♣#


You could see 2 electric eels.

Vanquished Creatures
  An ogre (D:5)
  3 hounds (D:5)
  2 gnoll boudas
  An orc priest (D:4)
  3 iguanas
  2 orc wizards (D:4)
  Natasha (thrice) (D:4)
  9 gnolls
  6 adders
  An ufetubus (D:5)
  2 worms
  A dart slug (D:5)
  10 orcs
  6 bats
  8 endoplasms
  3 giant cockroaches
  5 goblins
  5 hobgoblins
  13 jackals
  5 quokkas
  10 ball pythons
  2 frilled lizards
  8 kobolds
  8 rats
117 creatures vanquished.

Notes
Turn   | Place    | Note
-------+----------+-------------------------------------------
     0 | D:1      | Reached skill level 10 in Unarmed Combat
     0 | D:1      | thriggle the Gnoll Wanderer began the quest for the Orb.
     0 | D:1      | thriggle set off with the following items: a +0 dagger, a
                  | scroll of blinking, a +0 cloak, a scroll of teleportation,
                  | a +0 leather armour, a scroll of butterflies; and the
                  | following spell memorised: Freeze; and the following spells
                  | available to memorise: Hailstorm.
     0 | D:1      | Reached XP level 1. HP: 13/13 MP: 4/4
   181 | D:1      | Reached XP level 2. HP: 19/19 MP: 3/5
   864 | D:1      | Reached XP level 3. HP: 17/25 MP: 7/7
  1115 | D:2      | Reached skill level 1 in Invocations
  1161 | D:2      | Reached skill level 1 in Fighting
  1161 | D:2      | Reached skill level 1 in Short Blades
  1161 | D:2      | Reached skill level 1 in Long Blades
  1161 | D:2      | Reached skill level 1 in Axes
  1161 | D:2      | Reached skill level 1 in Maces & Flails
  1161 | D:2      | Reached skill level 1 in Polearms
  1161 | D:2      | Reached skill level 1 in Staves
  1161 | D:2      | Reached skill level 1 in Ranged Weapons
  1161 | D:2      | Reached skill level 1 in Throwing
  1161 | D:2      | Reached skill level 1 in Armour
  1161 | D:2      | Reached skill level 1 in Stealth
  1161 | D:2      | Reached skill level 1 in Shields
  1456 | D:2      | Reached skill level 1 in Shapeshifting
  1456 | D:2      | Reached XP level 4. HP: 32/32 MP: 8/8
  1545 | D:2      | Learned a level 3 spell: Ozocubu's Armour
  1903 | D:3      | Reached skill level 1 in Conjurations
  1903 | D:3      | Reached skill level 1 in Hexes
  1903 | D:3      | Reached skill level 1 in Summonings
  1903 | D:3      | Reached skill level 1 in Necromancy
  1903 | D:3      | Reached skill level 1 in Translocations
  1903 | D:3      | Reached skill level 1 in Transmutations
  1903 | D:3      | Reached skill level 1 in Fire Magic
  1903 | D:3      | Reached skill level 1 in Air Magic
  1903 | D:3      | Reached skill level 1 in Earth Magic
  1903 | D:3      | Reached skill level 1 in Poison Magic
  1936 | D:3      | Reached XP level 5. HP: 25/37 MP: 9/9
  2213 | D:3      | Found a bloodstained altar of Trog.
  2682 | D:4      | Reached XP level 6. HP: 42/44 MP: 10/10
  2741 | D:4      | Noticed Natasha
  2747 | D:4      | Killed Natasha
  3225 | D:4      | Reached XP level 7. HP: 45/50 MP: 12/12
  3286 | D:4      | Noticed Natasha
  3292 | D:4      | Killed Natasha
  3348 | D:4      | Noticed Natasha
  3358 | D:4      | Killed Natasha
  3441 | D:5      | Entered Level 5 of the Dungeon
  4005 | D:5      | Found an ancient bone altar of Kikubaaqudgha.
  4005 | D:5      | Found an opulent altar of Gozag.
  4005 | D:5      | Found a white marble altar of Elyvilon.
  4014 | D:5      | Became a worshipper of Gozag Ym Sagoz the Greedy
  4621 | D:6      | Identified a scroll of acquirement
  4625 | D:6      | Acquired an amulet of regeneration
  4663 | D:6      | Killed from afar by an electric eel

Illustrated notes

Levels and vault maps discovered:
D:1:      minmay_arrival_wavy_path, layout_basic, minmay_door_square,
          minivault_23
D:2:      layout_loops_cross, grunt_ministairs_5, minivault_11,
          minmay_pentomino_r2
D:3:      layout_loops_ring, trog_hazing_becter
D:4:      layout_loops_ring, minmay_misc_feat_tiny, uniq_natasha
D:5:      nicolae_cairo_tiling_very_big, layout_basic,
          gammafunk_temple_overflow_claw, chequers_hall_statues_corner_a
D:6:      layout_basic, serial_bayou, serial_bayou_pond_d,
          serial_bayou_lagoon_a, serial_bayou_pond_b, serial_bayou_shore_b,
          dk_noncrumbling_2, minmay_checkerbox

Skill      XL: |  1  2  3  4  5  6  7 |
---------------+----------------------+-----
Unarmed Combat | | 10.8
Invocations    | 1 2 3 |  3.0
Fighting       | 1 2 |  2.7
Short Blades   | 1 2 |  2.7
Long Blades    | 1 2 |  2.7
Axes           | 1 2 |  2.7
Maces & Flails | 1 2 |  2.7
Polearms       | 1 2 |  2.7
Staves         | 1 2 |  2.7
Ranged Weapons | 1 2 |  2.7
Throwing       | 1 2 |  2.7
Armour         | 1 2 |  2.7
Stealth        | 1 2 |  2.7
Shields        | 1 2 |  2.7
Shapeshifting  | 1 2 |  2.4
Spellcasting   | 3 4 |  4.0
Conjurations   | 1 2 |  2.2
Hexes          | 1 2 |  2.2
Summonings     | 1 2 |  2.2
Necromancy     | 1 2 |  2.2
Translocations | 1 2 |  2.2
Transmutations | 1 2 |  2.2
Fire Magic     | 1 2 |  2.2
Air Magic      | 1 2 |  2.2
Earth Magic    | 1 2 |  2.2
Poison Magic   | 1 2 |  2.2
Dodging        | 3 |  3.8
Ice Magic      | 4 |  4.4
Evocations     | 3 |  3.8

Action                     |  1- 3 |  4- 6 |  7- 9 || total
---------------------------+-------+-------+-------++-------
  Melee: Unarmed           |    71 |   165 |    55 ||   291
         Bite              |     2 |    10 |     9 ||    21
         Punch             |     3 |     9 |     6 ||    18
   Cast: Freeze            |     3 |     1 |       ||     4
    Use: Scroll            |       |       |     9 ||     9
         Potion            |       |       |     1 ||     1
 Armour: Leather armour    |    20 |       |       ||    20
         Ice dragon scales |    21 |    83 |    34 ||   138
         Skin              |     1 |       |       ||     1
  Dodge: Dodged            |    39 |    70 |    17 ||   126
         Form:             |     1 |       |       ||     1
         Statue            |     1 |       |       ||     1

Table legend: (Time is in decaauts)
 A = Elapsed time spent in this place.
 B = Non-inter-level travel time spent in this place.
 C = Inter-level travel time spent in this place.
 D = Time resting spent in this place.
 E = Time spent auto-exploring this place.
 F = Levels seen in this place.
 G = Mean time per level.
                   A        B        C        D        E       F      G
               +--------+--------+--------+--------+--------+-----+--------+
         Total |   4610 |   4493 |    117 |     94 |   3164 |   6 |  768.3 |
       Dungeon |   4610 |   4493 |    117 |     94 |   3164 |   6 |  768.3 |
               +--------+--------+--------+--------+--------+-----+--------+

Top non-repeatable levels by time:
     D:5: 1075 daAuts
     D:1: 978 daAuts
     D:2: 830 daAuts
     D:4: 817 daAuts
     D:3: 782 daAuts
     D:6: 125 daAuts
